 Dungeon Crawl Stone Soup version 0.18-a0-750-g37044d6 (webtiles) character file.

583 tof the Chopper (level 7, -19/62 HPs)
             Began as a Purple Draconian Chaos Knight on Dec 12, 2015.
             Demolished by a sun demon (23 damage)
             ... summoned by the capriciousness of Xom
             ... on level 4 of the Dungeon.
             The game lasted 00:23:53 (3868 turns).

tof the Chopper (Purple Draconian Chaos Knight)     Turns: 3868, Time: 00:23:53

Health: -19/62     AC:  9    Str: 14    XL:     7   Next: 14%
Magic:  7/7        EV: 18    Int: 12    God:    Xom [*.....]
Gold:   207        SH:  0    Dex: 15    Spells: 0 memorised, 6 levels left

rFire  . . .     SeeInvis .     a - +0 hand axe (chaos)
rCold  . . .     Clarity  .     (armour unavailable)
rNeg   . . .     SustAt   .     (no shield)
rPois  .         Gourm    .     (helmet restricted)
rElec  .         Spirit   .     (no cloak)
rCorr  .         Dismiss  .     n - +2 pair of gloves
rMut   .         Stasis   .     (no boots)
MR     +....                    (no amulet)
Stlth  +.........               j - ring of wizardry
                                f - +5 ring of evasion

@: somewhat resistant to hostile enchantments, very unstealthy
A: breathe power, unfitting armour, stinger 1, agile 1, mutation resistance 1,
cold-blooded, AC +6
a: Breathe Dispelling Energy, Renounce Religion


You were on level 4 of the Dungeon.
You worshipped Xom.
You were a special plaything of Xom.
You were not hungry.

You visited 1 branch of the dungeon, and saw 4 of its levels.

You collected 207 gold pieces.

Inventory:

Hand Weapons
 a - a +0 hand axe of chaos (weapon)
 b - a +2 mace of protection
Missiles
 l - 12 arrows of frost
Armour
 n - a +2 pair of gloves (worn)
Jewellery
 f - a +5 ring of evasion (left hand)
 j - a ring of wizardry (right hand)
Wands
 m - a wand of frost (22)
Scrolls
 d - 3 scrolls of identify
 e - a scroll of teleportation
 h - 2 scrolls of remove curse
 k - a scroll of magic mapping
Potions
 c - a potion of might
 g - 3 potions of brilliance
 i - a potion of beneficial mutation


   Skills:
 + Level 5.9 Fighting
 * Level 6.0(6.2) Axes
 + Level 2.2(4.4) Maces & Flails
 - Level 2.8 Dodging
 - Level 0.2 Stealth


You had 6 spell levels left.
You didn't know any spells.

Dungeon Overview and Level Annotations

Branches:
Dungeon (4/15)
 Temple: D:4-7

Altars:
Pakellas
Xom


Innate Abilities, Weirdness & Mutations

You can breathe bolts of dispelling energy.
Your rich purple scales are hard (AC +6).
Your body does not fit into most forms of armour.
You are cold-blooded and may be slowed by cold attacks.
Your tail ends in a poisonous barb.
You are agile. (Dex +2)
You are somewhat resistant to further mutation.


Message History

A shower of butterflies erupts from you!
The sun demon hits you.
You are engulfed in flames!
* * * LOW HITPOINT WARNING * * *
You hit the sun demon but do no damage.
Waves of light ripple over the sun demon's body.
The sun demon is lightly wounded.
The sun demon misses you.
Found a scroll labeled OGIDOJ IMP.
What do you say? t - Shout!
Orders for allies: a - Attack new target. r - Retreat! s - Stop attacking. w - Wait here. f - Follow me.
Anything else - Stay silent.
Gang up on whom?
Press: ? - help, Dir - move target cursor, f - sun demon
Aim: a sun demon (lightly wounded, summoned) Attack!
The sun demon hits you!!
You die...
Xom snickers!

+..##+########.#
#..........##.#
#.........##.# #
#............# .###.
#.........####
.%...#######.########
.#......)........#
........3...........
.......@#####..#.#.#
.....b..# #.# #
.......$# .#
........# .#
.b......# ..
##....##? #...# #
#..#


You could see a sun demon.

Vanquished Creatures
  Eustachio (D:4)
  A porcupine (shapeshifter) (D:4)
  A phantom (D:4)
  An orc wizard (D:3)
  Natasha (twice) (D:2)
  4 adders
  2 oozes
  2 giant geckos
  9 orcs (D:3)
  3 ball pythons
  3 giant cockroaches
  7 hobgoblins
  9 jackals
  10 kobolds
  3 quokkas (D:3)
  3 bats (D:2)
  5 giant newts
  7 goblins
  3 rats
76 creatures vanquished.

Vanquished Creatures (collateral kills)
  The ghost of cluie the Insei, an amateur DsTm (D:3)
1 creature vanquished.

Vanquished Creatures (others)
  A giant gecko (D:4)
1 creature vanquished.

Grand Total: 78 creatures vanquished

Notes
Turn   | Place    | Note
--------------------------------------------------------------
     0 | D:1      | tof the Draconian Chaos Knight began the quest for the Orb.
     0 | D:1      | Reached XP level 1. HP: 19/19 MP: 1/1
    27 | D:1      | XOM: harmless Air miscast
    36 | D:1      | XOM: polymorph jackal -> hobgoblin
    53 | D:1      | Reached XP level 2. HP: 26/26 MP: 2/2
   375 | D:1      | Gained mutation: Your tail ends in a poisonous barb. [potion of beneficial mutation]
   522 | D:1      | You fall through a shaft!
   541 | D:2      | XOM: 1-stop teleportation journey
   596 | D:2      | XOM: god gift: tourmaline ring {god gift}
   684 | D:2      | Reached XP level 3. HP: 31/33 MP: 3/3
   778 | D:2      | Reached skill level 4 in Fighting
  1044 | D:2      | XOM: god gift: 12 arrows of frost
  1217 | D:2      | XOM: stat loss: -1 Dex (10/11)
  1340 | D:2      | XOM: give mutations
  1340 | D:2      | Gained mutation: You are somewhat resistant to further mutation. [Xom's grace]
  1340 | D:2      | Gained mutation: You are agile. (Dex +2) [Xom's grace]
  1527 | D:2      | Noticed Natasha
  1527 | D:2      | XOM: cast spell 'Summon Small Mammal'
  1537 | D:2      | Killed Natasha
  1537 | D:2      | Reached XP level 4. HP: 30/41 MP: 4/4
  1800 | D:2      | Noticed Natasha
  1805 | D:2      | Killed Natasha
  1900 | D:3      | XOM: silly message
  1980 | D:3      | XOM: harmless Chrm miscast
  2018 | D:3      | XOM: harmless Divn miscast
  2058 | D:3      | XOM: potion effect (invisibility)
  2078 | D:3      | Reached XP level 5. HP: 44/47 MP: 5/5
  2094 | D:3      | Noticed cluie's ghost (amateur DsTm)
  2257 | D:3      | XOM: silly message
  2260 | D:3      | XOM: enchant monster (good)
  2275 | D:3      | Found an oddly glowing altar of Pakellas.
  2534 | D:3      | Found a faded altar to an unknown god.
  2706 | D:3      | Reached skill level 5 in Fighting
  2853 | D:3      | XOM: summons 5 friendly demons
  2859 | D:3      | Killed cluie's ghost
  2859 | D:3      | Reached skill level 1 in Maces & Flails
  2859 | D:3      | Reached XP level 6. HP: 50/56 MP: 6/6
  2879 | D:3      | XOM: summons 3 hostile demons
  3365 | D:4      | Noticed Eustachio
  3370 | D:4      | XOM: fake destruction
  3379 | D:4      | XOM: cast spell 'Statue Form'
  3388 | D:4      | Killed Eustachio
  3388 | D:4      | Reached skill level 5 in Axes
  3432 | D:4      | XOM: silly message
  3629 | D:4      | Noticed Blork the orc
  3646 | D:4      | Noticed Blork
  3646 | D:4      | Blork the orc changed into Blork the wasp
  3667 | D:4      | Paralysed by Blork for 1 turns
  3676 | D:4      | Noticed Blork
  3676 | D:4      | Blork the wasp changed into Blork the hound
  3676 | D:4      | XOM: polymorph Blork the wasp -> Blork the hound
  3676 | D:4      | Noticed Blork
  3676 | D:4      | Blork the hound changed into Blork the river rat
  3677 | D:4      | Noticed Blork
  3677 | D:4      | Blork the river rat changed into Blork the jelly
  3679 | D:4      | Noticed Blork
  3679 | D:4      | Blork the jelly changed into Blork the porcupine
  3680 | D:4      | Killed Blork the porcupine
  3680 | D:4      | Reached skill level 6 in Axes
  3680 | D:4      | Your scales start taking on a rich purple colour.
  3680 | D:4      | Reached XP level 7. HP: 23/62 MP: 7/7
  3770 | D:4      | XOM: summons 3 hostile demons
  3859 | D:4      | XOM: medium Summ miscast
  3860 | D:4      | Noticed a sun demon
  3865 | D:4      | XOM: butterfly on damage
  3868 | D:4      | Demolished by a sun demon

Vault maps used:
D:1:      tarquinn_simple_flora_water_d
D:2:      uniq_natasha
D:3:      ecumenical_altar_1, first_bread, grunt_pakellas_mercury
D:4:      marbit_many_paths, minmay_temple_entry_steel_oval,
          makhleb_blood_cavern_becter, uniq_eustachio, uniq_blork_the_orc

Action                   |  1- 3 |  4- 6 |  7- 9 || total
-------------------------+-------+-------+-------++-------
Melee: Hand axe          |   135 |   169 |    25 ||   329
       Mace              |     9 |    14 |       ||    23
  Use: Scroll            |     7 |     3 |       ||    10
       Potion            |     6 |     4 |       ||    10
 Stab: Invisible         |       |     1 |       ||     1
       Confused          |       |     2 |       ||     2
       Sleeping          |       |     2 |       ||     2
       Petrifying        |       |     2 |       ||     2
       Petrified         |       |     1 |       ||     1
  Eat: Chunk             |     1 |     3 |       ||     4
       Bread ration      |     1 |     1 |       ||     2
